Map: Old Estate

Players

Sengir

  • Race: Protoss Protoss
  • Spawn Location: 1:00

MongoNoTeeth

  • Race: Protoss Protoss
  • Spawn Location: 3:00

NEWSTYLE

  • Race: Protoss Protoss
  • League: Silver
  • Spawn Location: 1:00

chris

  • Race: Protoss Protoss
  • Spawn Location: 3:00

Infamous - Winner!

  • Race: Protoss Protoss
  • League: Silver
  • Spawn Location: 7:00

ZGILMER - Winner!

  • Race: Protoss Protoss
  • League: Silver
  • Spawn Location: 7:00

Bluntman - Winner!

  • Race: Protoss Protoss
  • Spawn Location: 9:00

Infiernus - Winner!

  • Race: Terran Terran
  • Spawn Location: 7:00

VOD

Have the link to the VOD?

Description

Time

  • Played on: March 12, 2018, 10:40 a.m.
  • Length: 30:04
Show
View Real Time Build Order
Export as new Build Order

Sengir Protoss 

Build Orders:  

Get SALT Encoding   

  12  0:18  Probe  
  13  1:18  Pylon  
  13  1:23  Pylon  
  13  3:02  Forge  
  13  5:38  Assimilator  
  13  5:42  Assimilator  
  13  6:54  Pylon  
  13  6:56  Pylon  
  13  7:16  Gateway  
  13  7:19  Gateway  
  13  7:32  Gateway  
  13  7:42  Gateway  
  13  8:07  Forge  
  13  8:22  Cybernetics Core  
  13  9:07  Photon Cannon  
  13  9:13  Photon Cannon  
  13  9:42  Stargate  
  13  9:49  Twilight Council  
  13  9:56  Robotics Facility  
  13  12:32  Immortal  
  17  12:48  Zealot x2  
  17  12:49  Zealot x2  
  19  14:11  Pylon  
  19  15:10  Cybernetics Core  
  19  15:19  Gateway  
  19  15:39  Pylon  
  19  16:59  Nexus  
  19  17:13  Assimilator  
  19  17:28  Pylon  
  19  17:34  Pylon  
  19  17:38  Pylon  
  19  17:41  Pylon  
  19  17:46  Pylon  
  19  18:04  Pylon  
  19  18:14  Photon Cannon  
  19  18:16  Photon Cannon  
  19  18:18  Photon Cannon  
  19  18:21  Photon Cannon  
  19  18:22  Photon Cannon  
  19  18:25  Photon Cannon  
  19  18:27  Photon Cannon  
  19  18:28  Photon Cannon  
  19  18:33  Photon Cannon  
  19  18:35  Photon Cannon  
  19  18:37  Photon Cannon  
  19  18:39  Photon Cannon  
  19  18:48  Photon Cannon  
  19  18:50  Photon Cannon  
  19  18:51  Photon Cannon  
  19  18:53  Photon Cannon  
  19  18:55  Photon Cannon  
  19  18:59  Photon Cannon  
  19  19:01  Photon Cannon  
  19  19:17  Nexus  
  19  19:42  Probe  
  20  19:54  Probe  
  21  20:06  Probe  
  20  20:10  Photon Cannon  
  15  20:19  Probe  
  16  20:31  Probe  
  17  20:40  Gateway x2  
  8  22:15  Pylon  
  7  23:18  Gateway  
  7  23:40  Forge  
  7  23:46  Forge  
  7  23:49  Forge  
  7  23:51  Forge  
Show
View Real Time Build Order
Export as new Build Order

MongoNoTeeth Protoss 

Build Orders: Cannon Rush 

Get SALT Encoding   

  12  0:11  Pylon  
  12  0:14  Probe (Chrono Boost)  
  13  0:24  Probe (Chrono Boost)  
  14  0:37  Forge  
  14  0:40  Probe  
  15  0:52  Probe  
  16  1:01  Pylon  
  16  1:04  Probe (Chrono Boost)  
  17  1:15  Pylon, Probe (Chrono Boost)  
  18  1:26  Photon Cannon  
  18  1:37  Photon Cannon  
  18  1:46  Photon Cannon  
  18  1:56  Assimilator  
  18  1:58  Pylon  
  18  2:23  Photon Cannon  
  18  2:26  Pylon  
  18  2:42  Pylon  
  18  2:49  Photon Cannon  
  18  2:51  Photon Cannon  
  18  3:03  Photon Cannon  
  18  3:07  Pylon  
  18  3:11  Assimilator  
  18  3:13  Probe (Chrono Boost), Assimilator  
  19  3:24  Probe (Chrono Boost)  
  19  3:25  Pylon  
  20  3:29  Probe (Chrono Boost)  
  21  3:36  Photon Cannon  
  21  3:40  Probe  
  22  3:47  Photon Cannon  
  22  3:52  Probe  
  23  3:57  Pylon  
  23  4:06  Pylon  
  23  4:15  Assimilator  
  22  4:40  Photon Cannon  
  22  4:41  Photon Cannon  
  22  4:45  Pylon  
  22  4:50  Gateway  
  22  4:53  Pylon  
  22  5:19  Protoss Shields Level 1 (Chrono Boost)  
  22  5:21  Probe (Chrono Boost), Nexus  
  23  5:31  Probe (Chrono Boost)  
  23  5:33  Photon Cannon  
  24  5:43  Cybernetics Core  
  24  5:54  Cybernetics Core  
  24  6:06  Assimilator  
  24  6:10  Probe (Chrono Boost)  
  25  6:21  Probe (Chrono Boost), Assimilator  
  26  6:25  Probe (Chrono Boost)  
  27  6:34  Protoss Air Weapons Level 1 (Chrono Boost)  
  27  6:36  Protoss Air Armor Level 1 (Chrono Boost)  
  27  6:39  Probe (Chrono Boost)  
  28  6:41  Probe (Chrono Boost)  
  29  6:51  Probe (Chrono Boost)  
  30  6:56  Probe (Chrono Boost)  
  31  7:08  Probe  
  32  7:17  Stargate  
  32  7:20  Probe  
  33  7:23  Stargate  
  33  7:32  Probe  
  33  7:35  Stargate  
  34  7:44  Probe  
  34  7:51  Stargate  
  35  7:55  Stargate  
  35  7:56  Probe  
  36  8:01  Stargate  
  36  8:26  Probe (Chrono Boost)  
  37  8:30  Nexus  
  37  8:37  Probe (Chrono Boost)  
  38  8:42  Probe (Chrono Boost)  
  38  8:43  Assimilator  
  38  8:47  Assimilator  
  39  8:52  Probe  
  39  8:55  Fleet Beacon  
  40  9:03  Twilight Council  
  40  9:04  Probe  
  40  9:07  Pylon  
  41  9:12  Pylon  
  41  9:16  Probe  
  42  9:17  Pylon  
  42  9:24  Pylon  
  42  9:31  Pylon  
  42  9:43  Probe (Chrono Boost)  
  43  9:52  Probe (Chrono Boost)  
  45  9:54  Probe (Chrono Boost)  
  46  10:00  Probe (Chrono Boost)  
  46  10:03  Probe (Chrono Boost)  
  46  10:04  Probe (Chrono Boost)  
  49  10:07  Protoss Air Weapons Level 2, Protoss Air Armor Level 2  
  49  10:09  Probe (Chrono Boost)  
  49  10:10  Graviton Catapult (Chrono Boost)  
  49  10:12  Probe (Chrono Boost)  
  51  10:14  Probe (Chrono Boost)  
  51  10:17  Probe x2 (Chrono Boost)  
  53  10:22  Protoss Shields Level 2 (Chrono Boost)  
  53  10:23  Probe (Chrono Boost)  
  53  10:27  Probe (Chrono Boost)  
  56  10:32  Probe (Chrono Boost)  
  56  10:38  Probe (Chrono Boost)  
  56  10:42  Probe (Chrono Boost)  
  58  10:49  Carrier  
  58  10:50  Carrier  
  58  10:56  Carrier  
  76  11:13  Carrier  
  76  11:15  Carrier  
  88  11:24  Carrier  
  94  12:15  Carrier x2  
  94  12:21  Carrier  
  112  12:40  Pylon  
  112  12:43  Pylon  
  112  12:45  Pylon  
  112  12:48  Pylon  
  112  12:53  Pylon  
  112  12:55  Pylon  
  112  12:57  Carrier x2  
  124  13:01  Pylon  
  124  13:02  Carrier  
  130  13:12  Pylon  
  130  13:21  Protoss Shields Level 3 (Chrono Boost)  
  130  13:41  Carrier  
  124  14:23  Protoss Air Armor Level 3 (Chrono Boost), Protoss Air Weapons Level 3 (Chrono Boost)  
  124  14:33  Carrier x2  
  136  15:00  Carrier x2  
  88  16:00  Carrier x4  
  112  16:28  Mothership (Chrono Boost)  
  120  16:53  Nexus  
  120  17:03  Assimilator  
  120  17:07  Assimilator  
  120  17:14  Pylon  
  120  17:41  Pylon  
  120  17:43  Pylon  
  120  17:52  Carrier x2  
  120  17:53  Carrier x3  
  120  17:58  Carrier  
  156  19:16  Carrier x2 (Chrono Boost)  
  136  19:19  Carrier (Chrono Boost)  
  136  19:20  Carrier (Chrono Boost)  
  136  19:23  Nexus  
  82  20:03  Carrier x2 (Chrono Boost)  
  94  20:31  Carrier  
  94  20:34  Carrier x2  
Show
View Real Time Build Order
Export as new Build Order

NEWSTYLE Protoss 

Build Orders:  

Get SALT Encoding   

  12  0:06  Probe (Chrono Boost)  
  13  0:16  Probe (Chrono Boost)  
  13  0:21  Probe (Chrono Boost)  
  15  0:30  Pylon  
  15  0:43  Pylon  
  15  0:56  Forge  
  15  1:01  Probe (Chrono Boost), Assimilator  
  16  1:08  Assimilator  
  17  1:12  Probe (Chrono Boost)  
  17  1:17  Probe (Chrono Boost)  
  18  1:44  Pylon  
  18  1:52  Gateway  
  18  2:29  Probe (Chrono Boost)  
  19  2:40  Probe (Chrono Boost)  
  19  2:43  Nexus  
  20  2:45  Probe (Chrono Boost)  
  21  2:56  Probe, Cybernetics Core  
  22  3:04  Pylon  
  22  3:08  Probe  
  22  3:12  Assimilator  
  23  3:25  Probe (Chrono Boost), Assimilator  
  24  3:36  Probe (Chrono Boost)  
  24  3:40  Probe (Chrono Boost)  
  25  3:41  Warp Gate  
  26  3:52  Probe  
  26  3:54  Nexus  
  27  4:04  Probe  
  27  4:07  Assimilator  
  28  4:23  Probe (Chrono Boost)  
  30  4:31  Probe (Chrono Boost)  
  30  4:33  Probe (Chrono Boost)  
  32  4:39  Probe (Chrono Boost)  
  32  4:41  Probe (Chrono Boost)  
  32  4:44  Probe (Chrono Boost)  
  33  4:49  Probe  
  35  4:55  Probe, Gateway  
  35  4:59  Twilight Council  
  36  5:01  Probe  
  37  5:18  Probe (Chrono Boost)  
  38  5:21  Pylon  
  38  5:24  Probe (Chrono Boost)  
  40  5:29  Probe (Chrono Boost)  
  40  5:33  Probe (Chrono Boost)  
  42  5:36  Probe (Chrono Boost)  
  42  5:40  Probe x2 (Chrono Boost)  
  47  5:50  Probe x2 (Chrono Boost)  
  47  5:52  Probe (Chrono Boost), Blink  
  47  5:55  Probe (Chrono Boost)  
  47  5:56  Probe  
  49  5:58  Gateway  
  49  6:00  Gateway  
  49  6:01  Probe  
  49  6:04  Gateway  
  50  6:06  Probe  
  50  6:10  Pylon  
  51  6:18  Pylon  
  51  6:21  Probe (Chrono Boost)  
  51  6:24  Probe (Chrono Boost)  
  53  6:29  Assimilator  
  53  6:34  Probe (Chrono Boost)  
  53  6:37  Probe (Chrono Boost)  
  55  6:43  Probe (Chrono Boost)  
  55  6:44  Probe (Chrono Boost)  
  55  6:45  Probe (Chrono Boost)  
  58  6:48  Forge  
  58  6:51  Probe (Chrono Boost)  
  58  6:52  Probe (Chrono Boost), Forge  
  58  6:53  Probe (Chrono Boost)  
  61  6:55  Probe (Chrono Boost)  
  61  6:56  Templar Archives  
  61  7:00  Gateway  
  61  7:01  Probe  
  63  7:02  Probe  
  63  7:04  Gateway  
  63  7:07  Probe (Chrono Boost)  
  66  7:16  Probe (Chrono Boost)  
  66  7:17  Probe (Chrono Boost)  
  68  7:27  Probe (Chrono Boost)  
  68  7:32  Probe (Chrono Boost)  
  68  7:35  Pylon  
  69  7:41  Pylon  
  69  7:43  Probe  
  70  7:48  Pylon  
  70  7:50  Psionic Storm  
  70  7:51  Pylon, Protoss Ground Weapons Level 1 (Chrono Boost)  
  70  7:52  Protoss Shields Level 1 (Chrono Boost), Protoss Ground Armor Level 1 (Chrono Boost)  
  70  7:55  Probe  
  71  8:04  Gateway  
  71  8:13  Gateway  
  71  8:16  Gateway  
  71  8:24  Pylon  
  71  8:32  Pylon  
  71  8:37  Pylon  
  71  8:40  Pylon  
  71  8:44  Pylon  
  71  8:49  Pylon  
  71  9:02  Pylon  
  71  9:14  Pylon  
  71  9:19  Pylon  
  71  9:35  Pylon  
  71  9:44  Pylon  
  71  10:02  Pylon  
  71  10:07  Photon Cannon  
  71  10:09  Stalker x3  
  71  10:10  Stalker x2  
  71  10:11  Stalker x2  
  71  10:12  Stalker x2  
  71  10:13  Stalker  
  91  10:20  Photon Cannon  
  91  10:24  Photon Cannon  
  91  10:27  Photon Cannon  
  91  10:50  Dark Shrine, Stalker  
  91  10:51  Stalker  
  91  10:52  Stalker  
  91  10:53  Stalker  
  91  10:54  Stalker  
  91  10:55  Stalker  
  91  10:56  Stalker x2  
  107  10:57  Stalker  
  107  10:58  Stalker  
  107  11:01  Protoss Shields Level 2 (Chrono Boost), Protoss Ground Armor Level 2 (Chrono Boost), Protoss Ground Weapons Level 2 (Chrono Boost)  
  111  11:26  Stalker x2  
  111  11:27  Stalker x3  
  111  11:28  Stalker  
  111  11:29  Stalker  
  111  11:30  Stalker  
  111  11:31  Stalker  
  129  11:33  Stalker  
  131  11:52  High Templar x2  
  131  11:53  High Templar x3  
  131  11:54  High Templar x2  
  143  11:55  High Templar x2  
  143  11:58  High Templar  
  151  12:30  Stalker x3  
  151  12:31  Stalker x2  
  151  12:32  Stalker x2  
  151  12:33  Stalker  
  151  12:34  Stalker  
  151  12:35  Stalker  
  171  12:57  High Templar x2  
  171  12:58  High Templar x2  
  177  12:59  High Templar  
  177  13:00  High Templar  
  183  13:09  Stalker x3  
  183  13:10  Stalker  
  122  14:32  Stalker  
  122  14:33  Stalker x3  
  122  14:34  Stalker  
  122  14:35  Stalker x2  
  122  14:37  Stalker x2  
  140  14:38  Stalker  
  142  14:53  Protoss Ground Armor Level 3 (Chrono Boost), Protoss Ground Weapons Level 3 (Chrono Boost), Protoss Shields Level 3 (Chrono Boost)  
  142  15:06  Stalker x2  
  146  15:07  Stalker x2  
  146  15:08  Stalker x2  
  146  15:09  Stalker x2  
  146  15:10  Stalker  
  146  15:11  Stalker  
  162  15:38  Stalker  
  162  15:39  Stalker x3  
  162  15:40  Stalker x3  
  162  15:41  Stalker x2  
  162  15:42  Stalker  
  182  16:06  Dark Templar x3  
  182  16:07  Dark Templar x2  
  182  16:10  Dark Templar x3  
  198  16:11  Dark Templar  
  177  17:09  High Templar x3  
  177  17:12  High Templar  
  177  17:13  Stalker x2  
  177  17:14  Stalker  
  177  17:15  Stalker x2  
  195  17:16  Stalker  
  197  17:38  Stalker  
  199  18:08  Archon  
  199  18:11  Archon  
  55  19:47  Stalker  
  55  19:48  Stalker x4  
  55  19:49  Stalker  
  55  19:50  Stalker x2  
  55  19:51  Stalker  
  55  19:52  Stalker  
  75  20:13  Stalker x4  
  83  20:14  Stalker x2  
  83  20:15  Stalker x3  
  83  20:16  Stalker  
  75  21:08  Stalker  
  75  21:09  Stalker x3  
  75  21:10  Stalker x2  
  75  21:11  Stalker x2  
  89  21:12  Stalker  
  55  21:48  Stalker x4  
  55  21:49  Stalker x2  
  55  21:50  Stalker  
  55  21:51  Stalker  
  55  21:52  Stalker  
  55  21:54  Stalker  
  53  22:19  High Templar x3  
  53  22:20  High Templar x2  
  53  22:21  Stalker  
  53  22:22  Stalker x3  
  69  22:24  Stalker  
  73  22:46  Stalker x2  
  73  22:47  Stalker  
Show
View Real Time Build Order
Export as new Build Order

chris Protoss 

Build Orders:  

Get SALT Encoding   

  12  0:05  Probe (Chrono Boost)  
  13  0:17  Probe (Chrono Boost)  
  14  0:23  Assimilator  
  14  0:42  Assimilator  
  14  1:24  Pylon  
  14  1:31  Pylon  
  14  1:45  Gateway  
  14  2:37  Cybernetics Core  
  14  3:18  Stargate  
  14  3:22  Stargate  
  14  3:49  Nexus  
  14  4:05  Fleet Beacon  
  14  4:11  Void Ray  
  18  4:56  Graviton Catapult  
  18  5:12  Probe  
  19  5:25  Probe (Chrono Boost)  
  21  5:36  Probe (Chrono Boost)  
  21  5:41  Forge  
  21  5:42  Probe (Chrono Boost)  
  22  5:51  Probe, Pylon  
  22  5:53  Anion Pulse-Crystals  
  23  5:58  Pylon  
  23  6:09  Probe  
  24  6:21  Probe (Chrono Boost)  
  25  6:34  Probe (Chrono Boost)  
  26  6:42  Probe (Chrono Boost), Void Ray  
  31  6:48  Probe  
  31  6:51  Phoenix  
  34  7:11  Pylon  
  34  7:17  Pylon  
  34  7:30  Void Ray  
  42  7:54  Void Ray (Chrono Boost)  
  42  8:10  Void Ray (Chrono Boost)  
  46  8:37  Phoenix (Chrono Boost)  
  46  8:42  Void Ray  
  52  9:01  Phoenix  
  54  9:25  Void Ray  
  54  9:26  Phoenix  
  60  9:51  Void Ray  
  64  9:58  Probe  
  65  10:08  Void Ray  
  65  10:10  Probe  
  70  10:22  Probe  
  71  10:34  Phoenix  
  71  10:35  Probe  
  74  10:51  Void Ray  
  74  10:57  Nexus  
  78  11:05  Pylon  
  78  11:08  Pylon  
  78  11:19  Pylon  
  78  11:24  Pylon  
  78  11:27  Void Ray  
  82  11:34  Void Ray  
  86  12:09  Probe  
  87  12:17  Void Ray (Chrono Boost)  
  87  12:21  Probe  
  92  12:33  Probe  
  93  12:46  Probe  
  94  12:54  Void Ray (Chrono Boost)  
  94  12:58  Probe  
  99  13:10  Probe, Assimilator  
  100  13:15  Assimilator  
  100  13:22  Probe (Chrono Boost)  
  101  13:30  Void Ray  
  106  13:34  Probe (Chrono Boost)  
  102  13:41  Probe (Chrono Boost)  
  102  13:47  Probe  
  80  14:00  Probe  
  64  14:45  Pylon  
  64  15:20  Stargate  
  64  15:27  Stargate  
  64  15:32  Mothership (Chrono Boost)  
  72  16:17  Stargate  
  72  16:24  Void Ray  
  76  16:35  Phoenix  
  78  16:51  Assimilator  
  78  16:57  Assimilator  
  78  17:07  Void Ray  
  82  17:11  Probe  
  83  17:19  Probe  
  83  17:22  Pylon  
  84  17:23  Probe  
  85  17:35  Void Ray  
  89  17:49  Void Ray  
  93  18:18  Void Ray  
  97  18:32  Void Ray  
  100  19:14  Pylon  
  100  19:16  Pylon  
  100  19:32  Void Ray  
Show
View Real Time Build Order
Export as new Build Order

Infamous Protoss - Winner!

Build Orders:  

Get SALT Encoding   

  12  0:33  Probe  
  13  0:43  Pylon  
  13  0:45  Probe (Chrono Boost)  
  13  0:49  Assimilator  
  15  0:57  Probe (Chrono Boost)  
  15  1:03  Gateway  
  15  1:13  Probe  
  16  1:25  Probe (Chrono Boost)  
  17  1:37  Probe (Chrono Boost)  
  18  1:55  Pylon, Cybernetics Core  
  18  1:56  Probe  
  19  2:16  Probe  
  20  2:24  Pylon  
  20  2:26  Warp Gate (Chrono Boost)  
  20  2:28  Zealot  
  22  2:33  Probe  
  22  2:48  Robotics Facility  
  22  2:49  Probe  
  23  2:52  Assimilator  
  23  3:02  Probe  
  24  3:11  Twilight Council  
  24  3:14  Probe  
  25  3:25  Gateway x2  
  25  3:26  Probe  
  26  3:27  Gateway  
  26  3:41  Nexus  
  26  3:43  Pylon  
  26  3:46  Charge (Chrono Boost), Observer  
  27  4:00  Pylon  
  27  4:04  Probe  
  28  4:16  Pylon  
  28  4:18  Forge  
  28  4:19  Probe  
  29  4:34  Immortal (Chrono Boost)  
  33  4:42  Stalker x2  
  37  4:51  Protoss Ground Weapons Level 1 (Chrono Boost)  
  37  4:58  Probe  
  38  5:10  Zealot x3  
  38  5:13  Sentry  
  46  5:29  Immortal  
  46  5:35  Probe  
  51  5:38  Probe  
  52  5:54  Shield Battery  
  52  5:59  Robotics Bay  
  52  6:00  Photon Cannon  
  52  6:01  Probe (Chrono Boost)  
  54  6:12  Probe (Chrono Boost)  
  54  6:13  Stalker  
  54  6:14  Stalker  
  52  6:40  Zealot x4  
  58  7:05  Stalker x4  
  66  7:14  Extended Thermal Lance  
  66  7:17  Probe  
  66  7:22  Assimilator, Protoss Ground Armor Level 1 (Chrono Boost)  
  67  7:25  Probe  
  68  7:58  Probe  
  68  8:00  Probe  
  68  8:05  Colossus (Chrono Boost)  
  76  8:08  Zealot  
  78  8:24  Pylon  
  78  8:25  Assimilator  
  78  8:27  Pylon  
  78  8:31  Pylon  
  78  8:55  Probe x2  
  80  9:07  Probe  
  81  9:12  Protoss Ground Armor Level 2 (Chrono Boost)  
  81  9:16  Gateway  
  81  9:17  Colossus, Gateway  
  81  9:20  Probe x2  
  81  9:21  Pylon  
  81  9:23  Pylon  
  89  9:30  Zealot x3  
  89  9:31  Zealot  
  97  10:03  Assimilator  
  97  10:06  Nexus  
  97  10:10  Assimilator  
  97  10:12  Pylon  
  97  10:22  Stalker x3  
  97  10:23  Stalker  
  105  10:35  Sentry x2  
  109  10:49  Probe x2  
  111  11:13  Gateway, Stalker x5  
  111  11:14  Gateway, Stalker  
  111  11:17  Gateway  
  123  11:21  Probe  
  124  11:30  Protoss Ground Weapons Level 2 (Chrono Boost)  
  124  11:33  Probe (Chrono Boost)  
  126  11:44  Colossus  
  126  11:45  Probe x3 (Chrono Boost)  
  134  11:49  Stalker x2  
  134  11:52  Sentry  
  140  12:00  Probe  
  141  12:10  Pylon  
  141  12:11  Pylon  
  141  12:28  Probe x2  
  143  12:35  Stalker x4  
  143  12:36  Stalker x2  
  155  12:38  Sentry  
  157  13:00  Forge  
  157  13:02  Pylon  
  157  13:15  Templar Archives  
  157  13:19  Colossus  
  59  14:33  Stalker x5  
  59  14:34  Stalker x4  
  59  14:37  Protoss Ground Armor Level 3 (Chrono Boost)  
  59  14:38  Protoss Ground Weapons Level 3 (Chrono Boost)  
  77  14:45  Probe x3  
  80  14:48  Immortal (Chrono Boost)  
  80  14:52  Psionic Storm  
  78  15:03  High Templar x4  
  78  15:04  High Templar x5  
  96  15:23  Colossus (Chrono Boost)  
  102  15:29  Pylon  
  102  15:38  Sentry  
  104  16:04  Zealot  
  104  16:05  Zealot x6  
  104  16:06  Zealot x2  
  122  17:15  Zealot x4  
  126  17:16  Zealot x3  
  136  17:37  Sentry x3  
  136  17:38  Sentry x6  
  154  18:05  Stalker  
  156  18:07  Stalker x5  
  156  18:08  Stalker x3  
  172  18:25  Nexus  
  170  18:28  Assimilator  
  170  18:29  Pylon  
  170  18:31  Pylon  
  170  18:32  Assimilator  
  170  18:36  High Templar  
  60  19:05  Stalker x3  
  60  19:06  Stalker x5  
  76  19:23  Sentry  
  78  19:29  Zealot  
  78  19:31  Zealot  
  82  19:32  Zealot x4  
  82  19:33  Zealot x2  
  94  20:17  Stalker  
  94  20:20  Stalker x4  
  94  20:21  Stalker x4  
  106  20:42  High Templar x2  
  106  20:43  High Templar x3  
  106  20:44  High Templar x4  
  71  21:34  Stalker x6  
  71  21:35  Stalker x3  
  89  21:57  Stargate  
  89  21:59  Stargate  
  89  22:25  High Templar x2  
  89  22:26  High Templar x2  
  89  22:28  Zealot  
  89  22:29  Zealot x2  
  103  22:30  Zealot x2  
  103  22:33  Archon x2  
  107  22:40  Archon x2  
  107  22:41  Archon x2  
  107  22:53  Immortal (Chrono Boost)  
  111  22:58  Zealot x2  
  111  22:59  Zealot x6  
  111  23:00  Zealot  
  129  23:24  Immortal (Chrono Boost)  
  133  23:27  Phoenix x2  
  65  24:15  Stalker x4  
  65  24:16  Stalker x5  
  79  24:43  Gateway  
  79  24:46  Gateway  
  79  24:49  High Templar x3  
  79  24:50  High Templar  
  79  24:51  Pylon  
  87  24:53  Pylon  
  87  24:55  Archon x2  
Show
View Real Time Build Order
Export as new Build Order

ZGILMER Protoss - Winner!

Build Orders:  

Get SALT Encoding   

  12  0:15  Pylon  
  12  0:20  Assimilator  
  12  0:22  Probe  
  13  0:34  Probe  
  14  0:46  Probe (Chrono Boost)  
  14  0:49  Gateway  
  15  0:58  Probe (Chrono Boost)  
  16  1:07  Probe (Chrono Boost)  
  16  1:11  Assimilator  
  17  1:13  Probe (Chrono Boost)  
  18  1:25  Probe (Chrono Boost)  
  19  1:31  Probe (Chrono Boost)  
  20  1:39  Probe  
  21  1:42  Cybernetics Core  
  21  1:50  Cybernetics Core  
  21  1:51  Probe  
  22  2:45  Stargate  
  22  2:48  Stargate  
  22  2:51  Pylon  
  22  3:23  Pylon  
  22  3:27  Protoss Air Weapons Level 1, Protoss Air Armor Level 1  
  22  3:31  Void Ray (Chrono Boost)  
  26  4:00  Void Ray (Chrono Boost), Nexus  
  30  4:52  Void Ray (Chrono Boost)  
  38  5:02  Void Ray (Chrono Boost)  
  38  5:34  Fleet Beacon  
  38  5:55  Assimilator  
  39  5:57  Probe (Chrono Boost)  
  39  6:03  Assimilator  
  39  6:07  Probe (Chrono Boost)  
  40  6:12  Probe (Chrono Boost)  
  41  7:02  Void Ray x2  
  49  7:13  Probe (Chrono Boost)  
  51  7:23  Probe (Chrono Boost)  
  51  7:29  Probe (Chrono Boost)  
  52  7:39  Probe (Chrono Boost)  
  53  7:44  Probe (Chrono Boost)  
  53  7:49  Pylon  
  53  7:50  Pylon  
  54  7:54  Pylon  
  54  7:59  Pylon  
  54  8:03  Pylon x2  
  54  8:07  Probe, Void Ray  
  54  8:08  Protoss Air Weapons Level 2, Void Ray, Protoss Air Armor Level 2  
  63  8:39  Nexus  
  63  8:43  Assimilator  
  63  8:49  Assimilator  
  63  8:55  Assimilator  
  63  9:00  Assimilator  
  63  9:03  Void Ray x2  
  71  9:20  Probe (Chrono Boost)  
  72  9:24  Probe (Chrono Boost)  
  74  9:34  Probe (Chrono Boost)  
  74  9:35  Probe (Chrono Boost)  
  75  9:39  Probe (Chrono Boost)  
  75  9:42  Probe  
  77  9:50  Probe  
  78  9:54  Probe  
  79  10:06  Probe  
  80  10:25  Protoss Air Armor Level 3, Protoss Air Weapons Level 3  
  80  10:30  Graviton Catapult  
  80  10:32  Probe (Chrono Boost)  
  81  10:40  Probe (Chrono Boost)  
  83  10:43  Probe (Chrono Boost)  
  83  10:48  Probe (Chrono Boost)  
  85  10:50  Probe (Chrono Boost)  
  85  10:53  Probe (Chrono Boost)  
  86  10:58  Probe  
  87  11:04  Probe  
  87  11:10  Probe  
  89  11:16  Probe  
  90  11:29  Void Ray x2  
  98  11:37  Stargate  
  98  11:39  Stargate  
  98  11:42  Stargate  
  98  11:43  Stargate  
  98  11:50  Stargate  
  98  11:51  Stargate  
  98  11:56  Stargate  
  98  11:59  Stargate  
  98  12:09  Pylon  
  98  12:13  Pylon  
  98  12:14  Pylon  
  98  12:20  Pylon  
  98  12:23  Pylon  
  98  12:27  Pylon  
  98  12:47  Carrier  
  98  12:48  Carrier x2  
  116  12:56  Probe  
  117  13:08  Probe  
  118  13:20  Probe  
  119  13:32  Probe  
  100  14:31  Void Ray x3  
  100  14:32  Void Ray x5  
  100  14:33  Void Ray  
  118  15:56  Assimilator  
  118  16:06  Carrier x5  
  118  16:07  Carrier  
  154  16:14  Probe (Chrono Boost)  
  155  16:24  Probe (Chrono Boost)  
  156  16:29  Probe (Chrono Boost)  
  157  16:36  Pylon  
  157  16:38  Pylon  
  157  16:40  Pylon, Probe  
  157  16:41  Pylon  
  157  16:43  Pylon  
  157  16:46  Pylon  
  158  16:50  Pylon  
  158  16:52  Pylon x2, Probe  
  159  16:55  Pylon  
  159  18:00  Void Ray x5  
  159  18:02  Void Ray  
  101  20:18  Void Ray x4  
  101  20:19  Void Ray x4  
  105  22:23  Carrier x3  
  105  22:24  Carrier x5  
  149  24:56  Void Ray x2  
  149  24:57  Void Ray x6  
  181  27:36  Void Ray x4  
Show
View Real Time Build Order
Export as new Build Order

Bluntman Protoss - Winner!

Build Orders:  

Get SALT Encoding   

  12  0:02  Probe (Chrono Boost)  
  13  0:14  Probe (Chrono Boost)  
  14  0:23  Probe (Chrono Boost)  
  15  1:18  Nexus  
  15  1:22  Nexus  
  15  1:44  Pylon  
  15  1:49  Pylon  
  15  1:55  Assimilator  
Show
View Real Time Build Order
Export as new Build Order

Infiernus Terran - Winner!

Build Orders:  

Get SALT Encoding   

  12  0:24  Supply Depot  
  12  1:01  Command Center  
  12  1:06  SCV  
  13  1:18  SCV  
  14  1:30  SCV  
  15  1:43  SCV  
  16  1:55  SCV  
  17  2:22  SCV  
  18  2:30  SCV  
  18  2:34  SCV  
  20  2:42  SCV  
  21  2:46  SCV  
  22  2:53  Refinery  
  22  2:54  SCV  
  22  2:56  Refinery  
  23  2:58  SCV  
  24  3:06  SCV  
  24  3:12  SCV  
  26  3:18  SCV  
  27  3:24  SCV  
  28  3:36  SCV  
  29  3:48  SCV, Refinery  
  29  3:51  Refinery  
  30  3:59  Barracks  
  30  4:00  SCV  
  31  4:10  Barracks  
  31  4:15  SCV  
  32  4:29  SCV  
  33  4:41  SCV  
  34  4:58  Barracks Reactor, Engineering Bay  
  34  4:59  Barracks Reactor  
  34  5:04  Supply Depot  
  34  5:40  Ghost Academy  
  34  5:56  Factory  
  34  6:09  Marine x4  
  38  6:25  Factory  
  38  6:26  Marine x2  
  38  6:27  Marine x2  
  42  6:44  Marine x3  
  42  6:45  Marine  
  46  7:12  Starport  
  46  7:16  Starport  
  46  7:18  Factory Tech Lab  
  46  7:19  Factory Tech Lab  
  46  7:39  Orbital Command  
  46  7:41  Orbital Command  
  46  7:50  Starport Tech Lab  
  46  7:54  Starport Tech Lab  
  46  8:03  Fusion Core  
  46  8:08  Armory  
  46  8:23  Marine x4  
  50  8:37  Siege Tank x2  
  56  8:50  Hi-Sec Auto Tracking  
  56  8:52  Personal Cloaking  
  56  8:53  Weapon Refit  
  56  9:04  Supply Depot  
  56  9:08  Supply Depot  
  56  9:09  Siege Tank x2  
  62  9:30  Battlecruiser x2  
  74  9:44  Supply Depot  
  74  9:46  Neosteel Frame  
  74  9:50  Supply Depot  
  74  10:16  Supply Depot  
  74  10:18  Supply Depot  
  74  10:34  Battlecruiser x2  
  86  10:43  Thor x2  
  98  11:04  Supply Depot  
  98  11:05  Building Armor  
  98  11:10  Supply Depot  
  98  11:26  Thor x2  
  34  14:32  Cyclone  
  34  14:33  Cyclone  
  40  14:40  Marine x4  
  44  14:54  Battlecruiser x2  
  44  14:57  Marine  
  44  14:58  Marine x3  
  60  15:04  Cyclone  
  60  15:05  Cyclone  
  66  15:15  Marine x2  
  66  15:16  Marine x2  
  70  15:21  Command Center  
  70  15:33  Marine x3  
  70  15:34  Marine  
  74  15:37  Cyclone x2  
  74  15:38  Infernal Pre-Igniter  
  74  15:40  Drilling Claws  
  74  15:42  High Capacity Fuel Tanks  
  80  15:43  Advanced Ballistics  
  80  15:55  Refinery  
  80  15:58  Battlecruiser x2  
  92  16:09  Cyclone x2  
  98  16:39  Corvid Reactor  
  98  16:41  Cyclone x2  
  98  16:43  Refinery  
  104  16:56  Rapid Fire Launchers  
  104  16:59  Smart Servos  
  104  17:02  Battlecruiser  
  104  17:03  Hyperflight Rotors, Battlecruiser  
  104  17:08  Marine x4  
  119  17:15  Hellion x2  
  124  17:25  Marine  
  124  17:26  Marine x3  
  128  17:36  Hellion x2  
  132  17:43  Marine x2  
  132  17:44  Marine x2  
  136  17:57  Hellion, Cloaking Field  
  136  17:58  Hellion  
  140  18:01  Marine x4  
  144  18:06  Viking  
  144  18:07  Viking  
  148  18:19  Hellion x2  
  152  18:36  Viking x2  
  152  18:40  Hellion x2  
  160  18:45  Command Center  
  160  19:06  Viking x2  
  160  19:07  Refinery  
  143  19:36  Viking  
  69  21:22  Battlecruiser x2  
  72  21:28  Refinery  
  56  22:18  Thor x2  
  56  22:21  Marine  
  56  22:22  Marine x3  
  72  22:26  Battlecruiser x2  
  84  22:39  Marine x2  
  84  22:40  Marine x2  
  88  22:57  Marine x3  
  85  23:00  Thor  
  85  23:01  Thor  
  93  23:43  Thor  
  93  23:45  Orbital Command  
  99  23:50  Orbital Command  
  99  24:05  Marine x4  
  103  24:18  Thor  
  103  24:23  Marine x4  
  113  24:26  Thor  
  119  24:41  Marine x4  
  123  24:58  Marine x2  
  123  24:59  Marine x2  
  127  25:01  Thor  
Tags
 
Add a new tag
Caveats
  • Supply blocks, unpowered buildings, or Contaminate may cause inaccurate times.
  • Supply counts are checked every 10 seconds.